Cogmind - Beta 13 @@@ ROGUE MODE // 2024.04.11 @ 01:18:14 // AFD2018/Launchers Player: Nebula avali Result: Destroyed self via exploding Fusion Modulator Performance ------------- Evolutions (0) 0 Regions Visited (1) 200 Robots Destroyed (3) 15 Value Destroyed (117) 117 Prototype IDs (0) 0 Alien Tech Used (0) 0 Bonus (0) 0 TOTAL SCORE: 332 Bonus ------- None Cogmind --------- Core Integrity 0/250 Matter 17/500 Energy 100/100 System Corruption 0% Temperature Cool (12) Movement Core (150) Ox2 Location -10/Materials Parts ------- > --- POWER (1) -------- (None) > --- PROPULSION (2) --- (None) > --- UTILITY (2) ------ High-capacity Matter Pod > --- WEAPON (2) ------- Grenade Launcher > --- INVENTORY (5) ---- High-capacity Matter Pod (0) Grenade Launcher Grenade Launcher Grenade Launcher Peak State ------------ > --- POWER ------------ (None) > --- PROPULSION ------- (None) > --- UTILITY ---------- High-capacity Matter Pod > --- WEAPON ----------- Grenade Launcher Grenade Launcher > --- INVENTORY -------- Grenade Launcher Grenade Launcher Grenade Launcher Grenade Launcher Grenade Launcher [Rating: 3] Favorites ----------- Power None Propulsion None Utility High-capacity Matter Pod Storage High-capacity Matter Pod Weapon Grenade Launcher Launcher Grenade Launcher Build | -11 -10 ------- Run | Yrd Mat Slots Evolved . | . . Power . | . . Propulsion . | . . Utility . | . . Weapon . | . . Parts Attached 2 | . 2 Power . | . . Engine . | . . Core . | . . Reactor . | . . Propulsion . | . . Treads . | . . Leg . | . . Wheel . | . . Hover . | . . Flight . | . . Utility 1 | . 1 Device . | . . Storage 1 | . 1 Processor . | . . Hackware . | . . Protection . | . . Artifact . | . . Weapon 1 | . 1 Energy Gun . | . . Energy Cannon . | . . Ballistic Gun . | . . Ballistic Cannon . | . . Launcher 1 | . 1 Special Weapon . | . . Impact Weapon . | . . Slashing Weapon . | . . Piercing Weapon . | . . Special Melee Weapon . | . . Unidentified Prototypes . | . . Parts Lost 2 | . 2 Power . | . . Propulsion . | . . Utility . | . . Weapon 2 | . 2 Highest Loss Streak 2 | . 2 To Critical Strikes . | . . Average Slot Usage (%) 26 | . 26 Storage 9 | . 9 Launcher 16 | . 16 Naked Turns . | . . Heaviest Build 10 | 6 10 Greatest Support 3 | 3 3 Greatest Overweight (x) 3 | 1 3 Average Overweight (x) 1 | 1 1 Largest Inventory Capacity 5 | 5 5 Average Capacity 5 | 5 5 Most Carried 5 | 5 5 Average Carried 4 | 5 4 Final Capacity 5 | 5 5 Final Carried 5 | 5 4 Class Distribution -------------------- 100% | Mutant Dominant Class ---------------- Mutant | -10/Materials Resources | -11 -10 ----------- Run | Yrd Mat Matter Collected . | . . Remotely . | . . Salvage Created 50 | . 50 Parts 5 | . 5 Haulers Intercepted . | . . Recyclers Shooed 1 | . 1 Parts Field Recycled . | . . Retrieved Matter . | . . Parts Self-Destructed . | . . Prevented . | . . Kills | -11 -10 ------- Run | Yrd Mat Combat Hostiles Destroyed 2 | . 2 AOE 2 | . 2 Classes Destroyed 2 | . 2 Watcher 1 | . 1 Grunt 2 | . 2 Best Kill Streak 2 | . 2 Combat Bots Only 2 | . 2 Max Kills in Single Turn 1 | . 1 Gunslinging . | . . Exploded 1 | . 1 Melee . | . . Uniques/NPCs Destroyed . | . . Combat | -11 -10 -------- Run | Yrd Mat Hostile Shots Fired 42 | . 42 Missed 13 | . 13 Damage Taken 540 | . 540 Core 326 | . 326 Absorbed by Shields . | . . Core Remaining (%) 100 | 100 . Volleys Fired 9 | . 9 Largest 2 | . 2 Hottest 60 | . 60 Shots Fired 13 | . 13 Gun . | . . Cannon . | . . Launcher 13 | . 13 Special . | . . Kinetic . | . . Thermal . | . . Explosive 13 | . 13 Electromagnetic . | . . Robot Hit Streak 1 | . 1 Robot Miss Streak 2 | . 2 Penetration Max . | . . Secondary Targets . | . . Shots Hit Robots 2 | . 2 Core Hits 7 | . 7 Critical Kills . | . . Critical Parts Destroyed . | . . Critical Strikes . | . . Melee Attacks . | . . Impact . | . . Slashing . | . . Piercing . | . . Sneak Attacks . | . . Combat Hostiles . | . . Follow-up Attacks . | . . Damage Inflicted 419 | . 419 Guns . | . . Cannons . | . . Explosions 394 | . 394 Melee . | . . Ramming 25 | . 25 Kinetic . | . . Thermal 82 | . 82 Explosive 312 | . 312 Electromagnetic . | . . Impact . | . . Slashing . | . . Piercing . | . . Highest Corruption . | . . Average Corruption . | . . Corruption Purged . | . . Corruption Blocked . | . . Overload Shots . | . . Overflow Damage 54 | . 54 Projectiles . | . . Explosions 54 | . 54 Melee . | . . Knockbacks . | . . Impact . | . . Kinetic . | . . Secondary . | . . Self-Inflicted Damage 165 | . 165 Shots 5 | . 5 Rammed 15 | . 15 Targets Rammed 15 | . 15 Kicked . | . . Crushed . | . . Highest Temperature 2 | . 2 Average Temperature 2 | . 2 Received Heat Transfer 228 | . 228 Siege Activations . | . . Robots Corrupted . | . . Combat Hostiles . | . . Parts Fried . | . . Impact Corruptions . | . . Robots Melted . | . . Combat Hostiles . | . . Parts Melted . | . . Heat Transferred 50 | . 50 Parts Sabotaged . | . . Parts Stolen . | . . Parts Stripped . | . . Power Chain Reactions . | . . Alert | -11 -10 ------- Run | Yrd Mat Peak Influence 70 | . 70 Initial . | . . Average 29 | . 33 Maximum Alert Level . | . . Low Security (%) 100 | 100 100 Level 1 . | . . Level 2 . | . . Level 3 . | . . Level 4 . | . . Level 5 . | . . High Security . | . . Max Security . | . . Squads Dispatched . | . . Investigation . | . . Extermination . | . . Reinforcement . | . . Assault . | . . Garrison . | . . Intercept . | . . Searches Triggered . | . . Construction Impeded . | . . Haulers Reinforced . | . . Active Scanning Responses . | . . Cargo Convoy Interrupts . | . . Stealth | -11 -10 --------- Run | Yrd Mat Distress Signals . | . . Communications Jammed . | . . Distress Signals . | . . Times Spotted 5 | . 5 Peak Tracking Total 3 | . 3 Tactical Retreats . | . . Traps | -11 -10 ------- Run | Yrd Mat Traps Triggered . | . . Indirectly . | . . Trap Hack Attempts . | . . Triggered . | . . Disarmed . | . . Reprogrammed . | . . Reused . | . . Traps Extracted . | . . Installed . | . . Triggered . | . . Machines | -11 -10 ---------- Run | Yrd Mat Machines Disabled 2 | . 2 Max in Single Turn 2 | . 2 Machines Repaired . | . . Machines Dismantled . | . . Machines Sabotaged . | . . Overloaded Fab Kills . | . . Hacking | -11 -10 --------- Run | Yrd Mat Machines Accessed . | . . Terminals . | . . Fabricators . | . . Repair Stations . | . . Recycling Units . | . . Scanalyzers . | . . Garrison Access . | . . Total Hacks . | . . Successful . | . . Failed . | . . Catastrophic . | . . Database Lockouts . | . . Manual . | . . Terminals . | . . Fabricators . | . . Repair Stations . | . . Recycling Units . | . . Scanalyzers . | . . Garrison Access . | . . Terminal Hacks . | . . Fabricator Hacks . | . . Repair Station Hacks . | . . Recycling Unit Hacks . | . . Scanalyzer . | . . Garrison Access Hacks . | . . Unauthorized Hacks . | . . Terminals . | . . Fabricators . | . . Repair Stations . | . . Recycling Units . | . . Scanalyzers . | . . Garrison Access . | . . Data Cores Recovered . | . . Used . | . . Hacking Detections . | . . Full Trace Events . | . . Feedback Events . | . . Feedback Blocked . | . . Robot Schematics Acquired . | . . Robots Built . | . . Authchips . | . . Time . | . . Total Robot Build Rating . | . . Part Schematics Acquired . | . . Parts Built . | . . Authchips . | . . Time . | . . Total Part Build Rating . | . . Parts Repaired . | . . Time . | . . Parts Recycled . | . . Recycled Matter . | . . Retrieved Matter . | . . Retrieved Components . | . . Parts Scanalyzed . | . . Part Schematics Acquired . | . . Parts Damaged . | . . Bothacking | -11 -10 ------------ Run | Yrd Mat Used RIF Installer . | . . Robots Hacked . | . . Non-combat . | . . Combat . | . . Robot Hacks Applied . | . . Relay Couplers Released . | . . Fabnet Peak Effective % . | . . Robots Rewired . | . . Allies Hacked . | . . Hacks Repelled . | . . Allies | -11 -10 -------- Run | Yrd Mat Total Allies . | . . Largest Group . | . . Highest-Rated Group . | . . Highest-Rated Ally . | . . Total Orders . | . . Ally Attacks . | . . Total Damage . | . . Kills . | . . Allies Corrupted . | . . Allies Melted . | . . Intel | -11 -10 ------- Run | Yrd Mat Robot Analysis Total . | . . Derelict Logs Recovered . | . . Drone Launches . | . . Drone Recoveries . | . . Exploration | -11 -10 ------------- Run | Yrd Mat Turns Passed 209 | 25 184 Spaces Moved 137 | 23 114 Core 137 | 23 114 Treads . | . . Legs . | . . Wheels . | . . Hover . | . . Flight . | . . Fastest Speed 100 | 100 100 Average Speed 117 | 100 121 Slowest Speed 200 | 100 200 Overloaded Moves . | . . Propulsion Burnouts . | . . Robots Hopped . | . . Cave-ins Triggered . | . . Exploration Rate (%) 13 | 2 25 Regions Visited 1 Branch Regions . Pre-discovered Areas . | . . Known Exits Taken . | . . Unknown Exits Taken 1 | 1 . Scrap Searched . | . . Spaces Dug . | . . Terrain Destroyed 41 | . 41 Melee . | . . Projectile . | . . AOE 41 | . 41 Terrain Rammed . | . . Walls Destroyed . | . . Machines Disabled . | . . Actions | -11 -10 --------- Run | Yrd Mat Total 172 | 25 147 Wait 8 | 3 5 Move 136 | 22 114 Hop . | . . Pick Up 1 | . 1 Fast Attach 1 | . 1 Attach 1 | . 1 Detach . | . . Swap . | . . Drop 1 | . 1 Fire 9 | . 9 Melee . | . . Ram 15 | . 15 Kick . | . . Crush . | . . Escape Stasis . | . . Rewire . | . . Trap . | . . Miscellaneous . | . . Route ------- -11/Scrapyard -10/Materials (discovered 1 exit: [*Mat]) History --------- Turn | Location | Event 3 | -11/Scrapyard | Discovered new exit (range 3) 26 | -11/Scrapyard | Entered Materials 77 | -10/Materials | Discovered new exit (range 14) 188 | -10/Materials | Core integrity fell below 50% 196 | -10/Materials | Core integrity fell below 20% 210 | -10/Materials | Destroyed self via exploding Fusion Modulator Last Messages --------------- 00048_ R-06 Scavenger collects Lgt. Ion Engine. 00051_ The unstable cave ceiling collapses. 00057_ U-05 Engineer lays Concrete. 00061_ The unstable cave ceiling collapses. 00077_ EXIT=FOUND 00082_ Acquired Hcp. Matter Pod. 00086_ Dropped Grenade Launcher. 00087_ Acquired Hcp. Matter Pod. 00128_ Grenade Launcher destroyed. 00128_ Destroyed Grenade Launcher. 00132_ Critical hit (Burn: +37). 00147_ Grenade Launcher destroyed. 00156_ Slammed into G-34 Mercenary. 00181_ The unstable cave ceiling collapses. 00181_ Slammed into G-34 Mercenary. 00198_ U-05 Engineer lays Concrete. 00203_ G-34 Mercenary destroyed. 00210_ Fusion Modulator explodes. 00210_ Destroyed Aluminum Leg. 00210_ G-47 Trooper destroyed. Map ----- +----------------------------------------------------+ | ????????????# #? | | ????????????# #? | | ????????????# ## | | ????????????# | | ????????????# #??##### | | ????????????# #??????# | | ????????????# #??###?# "" | | ????????????# #### ### "" | | ????????????# # # "" | | ????????????# ## | | ??????????"?# | | ?????????? + | | ?????????? ?# | | ?????????? ?### #### | | ?????????? ???# T## | | ?????????? ???# ######## | | ?????????#/#??# #??????# | | ########## #??# #??????# | | # ## #??# #??????# | | # ] ;# #### #??????# | | # ## #??????# | | # ;# #??????? ^ | | ##u ] ] #??????? | | % ]] #??????? | | ]]] + ?? ? | | @ #???????? ??? | | # #???????????? | | # #???????????? | | # #???????????? | | ## ### "Y" #???????????? | | ?#??? """ + ??????????? | | ????? < ##+?????????? | | ????# ? ????????? | | ????### #########+####?????????? | | ??????# ???????????????????????? | | ??????# ???????????????????????? | | ??????# ???????????????????????? | | ??????# ???????????????????????? | | ??????? ???????????????????????? | | ??????? ???????????????????????? | | ??????? ???????????????????????? | | ???????????????????????????????? | | ???????????????????????????????? | | ???????????????????????????????? | | ???????????????????????????????? | | ???????????????????????????????? | | ???????????????????????????????? | | ???????????????????????????????? | | ???????????????????????????????? | | ???????????????????????????????? | +----------------------------------------------------+ Best States ------------- Heat Dissipation 25 Energy Generation 5 Energy Capacity 100 Matter Stores 100 Matter Capacity 500 Sight Range 16 Terrain Scan Density 10 Evasion (%) 40 Item Schematics ----------------- None Robot Schematics ------------------ None Fabricated ------------ Nothing Alien Tech Used ----------------- None Achievements -------------- None Challenges ------------ None Game ------ Seed TargetingMyomerThruster Manual? 0 Play Time 00:04:55 Cumulative 30.2 hours Start 2024.04.11 @ 01:15:28 End 2024.04.11 @ 01:18:14 Sessions 1 Manual Loads 0 Difficulty Rogue Special Mode AFD2018/Launchers Game No. 41 Rogue 40 Adventurer 1 Explorer 0 Win Type - Total 1 Types 1/0/0/0/0/0/0/0/0 Lore% 19 Gallery% 42 Achievement% 34 Wizard Run 0 Options --------- Layout 0 ASCII 0 Keyboard 0 Movement Mouse Keybinds 0 Fullscreen 1 Font 18/SmallcapsGlow Map View 76x50 Zoom Use 0% Tactical HUD 1 Map Filters NONE Filters NONE Steam 1 RUN: de98802d-1eb8-4f29-8cf7-bc6d6717a6fe